 Dungeon Crawl Stone Soup version 0.21-a0-150-gc243083 (webtiles) character file.

26206 kanelon the Cleaver (level 12, -3/116 HPs)
             Began as a Deep Dwarf Fighter on July 27, 2017.
             Was a High Priest of Nemelex Xobeh.
             Slain by a stone giant (12 damage)
             ... on level 11 of the Dungeon.
             The game lasted 01:46:59 (11948 turns).

kanelon the Cleaver (Deep Dwarf Fighter)           Turns: 11948, Time: 01:47:00

Health: -3/116     AC: 20    Str: 30    XL:     12   Next: 96%
Magic:  0/0        EV:  8    Int: 11    God:    Nemelex Xobeh [*****.]
Gold:   1012       SH:  0    Dex: 16    Spells: 11/11 levels left

rFire    + . .     SeeInvis .   a - +6 war axe
rCold    . . .     Gourm    .   y - +1 shield
rNeg     . . .     Faith    .   X - +1 chain mail "Xowagu" {rCorr Int+2 Slay+3}
rPois    .         Spirit   .   s - +0 helmet
rElec    .         Reflect  .   f - +1 cloak
rCorr    +         Harm     .   S - +0 pair of gloves
MR       +....                  R - +0 pair of boots
Stlth    ..........             (no amulet)
HPRegen  0.00/turn              M - ring "Peovot" {rF+ Str+5}
MPRegen  0.07/turn              w - +4 ring of dexterity

@: confused, non-regenerating
A: damage resistance, heal wounds, sense surroundings 2, no regeneration
a: Heal Wounds, Triple Draw, Deal Four, Stack Five, Renounce Religion


You were on level 11 of the Dungeon.
You worshipped Nemelex Xobeh.
Nemelex Xobeh was extremely pleased with you.
You were full.

You visited 3 branches of the dungeon, and saw 15 of its levels.

You collected 1012 gold pieces.

Inventory:

Hand Weapons
 a - a +6 war axe (weapon)
 h - a +1 war axe of venom
 o - the +1 falchion of the Boar {slice, rPois rF- MP+9 Int+8, unknown}
   (You found it on level 2 of the Lair of Beasts)

   It inflicts extra damage upon your enemies.
   It affects your intelligence (+8).
   It makes you vulnerable to fire.
   It protects you from poison.
   It affects your magic capacity (+9).
 r - a +1 hand axe of chopping
 D - a +3 flail
 E - a +3 war axe
 G - a cursed +4 flail
 H - a +3 hand axe
Missiles
 I - 8 tomahawks (quivered)
Armour
 e - a +0 plate armour
 f - a +1 cloak (worn)
 s - a +0 helmet (worn)
 y - a +1 shield (worn)
 R - a +0 pair of boots (worn)
 S - a +0 pair of gloves (worn)
 X - the +1 chain mail "Xowagu" (worn) {rCorr Int+2 Slay+3}
   (You found it on level 8 of the Dungeon)

   It affects your intelligence (+2).
   It affects your accuracy and damage with ranged weapons and melee attacks
   (+3).
   It protects you from acid and corrosion.
Jewellery
 b - an uncursed ring of ice
 g - an uncursed ring of wizardry
 w - a +4 ring of dexterity (right hand)
 M - the ring "Peovot" (left hand) {rF+ Str+5}
   (You acquired it on level 1 of the Lair of Beasts)

   [ring of protection from fire]

   It affects your strength (+5).
   It protects you from fire.
Scrolls
 j - 6 scrolls of remove curse
 m - a scroll of magic mapping
 n - 6 scrolls of teleportation
 B - a scroll of blinking
Potions
 d - 2 potions of might
 i - a potion of ambrosia
 l - 6 potions of mutation
 p - 5 potions of brilliance
 q - a potion of agility
 t - a potion of magic
 u - a potion of curing
 x - a potion of berserk rage
 z - 2 potions of lignification
 A - a potion of flight
 P - a potion of haste
Miscellaneous
 c - a plain deck of destruction
 k - a plain deck of destruction
 v - a plain deck of summoning
 C - a legendary deck of escape
 F - an ornate deck of summoning {drawn: 3}
 N - a legendary deck of escape
 O - a plain deck of summoning
 T - a phial of floods
 Y - a box of beasts
 Z - a plain deck of summoning
Comestibles
 K - a bread ration
 Q - 8 meat rations
 V - 18 royal jellies


   Skills:
 * Level 9.9 Fighting
 + Level 13.9 Axes
 + Level 0.3 Throwing
 * Level 11.2 Armour
 - Level 0.2 Dodging
 * Level 12.0 Shields
 + Level 1.0 Invocations


You had 11 spell levels left.
You didn't know any spells.

Dungeon Overview and Level Annotations

Branches:
Dungeon (12/15)            Temple (0/1) D:4            Lair (2/6) D:11
    Orc (1/2) D:11
  Swamp: Lair:2-4    Shoals: Lair:2-4     Snake: Lair:2-4    Spider: Lair:2-4

Altars:
Dithmenos
Elyvilon
Nemelex Xobeh
Beogh


Innate Abilities, Weirdness & Mutations

You are resistant to damage.
You can heal yourself by infusing magical energy.
You passively map the area around you.
You do not regenerate.


Message History

You feel better.
You see here a large rock.
You see here a large rock.
There is a staircase back to the Dungeon here.
You block the stone giant's attack.
You climb upwards.
Welcome back to the Dungeon!
There is a staircase to the Orcish Mines here.
You see here 8 poisoned needles.
You feel better. The stone giant hits you.
You hit the stone giant.
The stone giant is lightly wounded.
The stone giant hits you!
* * * LOW HITPOINT WARNING * * *
You see here a poisoned javelin.
You are confused.
You feel invigorated. The stone giant hits you!
* * * LOW HITPOINT WARNING * * *
You bump into the rock wall.
The stone giant hits you!
You die...
Your body disappears without a glow.

* * * #...##..
...........#..
.. , ##..##.#
####.####.##..
### * *
#..##.# #.#
#.#.#. , ,
..##.# #.# #.#
. * .###># #.#
##. ,* .# #.#
#.# *#, ,* *
#(### #^# , ,,
, #C..####.# *
, * *
#@((...[.# * *
* #(..###### ,
* #..## * #..#
* #..# * #..#
* #..# * #..#
* #..#######


You could see a stone giant.

Vanquished Creatures
  Fannar (D:10)
  A catoblepas (Lair:2)
  A hydra (D:11)
  2 two-headed ogres
  A queen ant (D:11)
  Urug (D:11)
  An unseen horror (D:11)
  The ghost of swampboy the Skirmisher, a novice DsFi of Yredelemnul (D:6)
  A deep elf mage (D:10)
  5 elephants (Lair:2)
  4 spiny frogs
  2 rime drakes
  2 komodo dragons
  A queen bee (Lair:1)
  A troll (D:11)
  4 blink frogs (Lair:1)
  A hippogriff (D:11)
  Sigmund (D:2)
  20 yaks
  2 shadows
  3 hogs (D:7)
  A human (D:7)
  A wyvern (Lair:2)
  3 hungry ghosts
  8 soldier ants (D:11)
  5 water moccasins
  5 porcupines
  2 orc warriors
  An ice beast (D:7)
  A necrophage (D:6)
  An ogre (D:8)
  2 phantoms
  12 crocodiles
  3 centaurs
  7 bullfrogs
  A gnoll sergeant (D:9)
  A wyvern skeleton (D:9)
  A scorpion (D:4)
  38 killer bees
  11 wights
  An electric eel (Lair:1)
  3 jellies
  7 crimson imps
  A centaur zombie (D:9)
  3 centaur skeletons
  6 hounds
  2 bullfrog skeletons
  2 orc priests
  Crazy Yiuf (D:6)
  5 iguanas
  7 orc wizards
  20 worker ants
  A killer bee zombie (D:5)
  A howler monkey zombie (D:5)
  Robin (D:2)
  3 gnolls (D:9)
  A howler monkey skeleton (D:10)
  8 adders
  3 shadow imps
  2 oozes
  An adder zombie (D:6)
  2 worms
  2 dart slugs (D:2)
  8 leopard geckos
  35 orcs
  5 bats
  5 giant cockroaches
  17 goblins
  8 hobgoblins
  7 jackals
  7 kobolds
  2 quokkas
  8 frilled lizards
  A jackal zombie (D:5)
  9 rats
  2 fungi
  11 plants
368 creatures vanquished.

Vanquished Creatures (collateral kills)
  A hydra (Lair:2)
  A two-headed ogre (D:11)
  The ghost of mythresam the Basher, a novice GrFi of the Shining One (D:8)
  Joseph (D:9)
  5 elephants (Lair:2)
  A spiny frog (Lair:2)
  A sky beast (D:8)
  A necrophage (D:8)
  An ogre (D:8)
  A hound (D:8)
  A gnoll (D:9)
  A howler monkey skeleton (D:8)
  An adder (D:8)
  A leopard gecko (D:8)
  3 jackals (D:8)
21 creatures vanquished.

Vanquished Creatures (others)
  A hippogriff (D:7)
  Eustachio (D:6)
  3 fungi
  5 plants
10 creatures vanquished.

Grand Total: 399 creatures vanquished

Notes
Turn   | Place    | Note
-------+----------+-------------------------------------------
     0 | D:1      | kanelon the Deep Dwarf Fighter began the quest for the Orb.
     0 | D:1      | Reached XP level 1. HP: 20/20 MP: 1/1
   264 | D:1      | Reached XP level 2. HP: 27/27 MP: 2/2
  1123 | D:2      | Noticed Robin
  1234 | D:2      | Reached XP level 3. HP: 26/33 MP: 3/3
  1243 | D:2      | Killed Robin
  1243 | D:2      | Reached skill level 3 in Axes
  1612 | D:2      | Noticed Sigmund
  1668 | D:2      | Killed Sigmund
  1668 | D:2      | Reached skill level 4 in Axes
  1668 | D:2      | Reached XP level 4. HP: 29/42 MP: 4/4
  1668 | D:2      | Reached XP level 5. HP: 33/49 MP: 5/5
  2635 | D:3      | Reached XP level 6. HP: 45/56 MP: 6/6
  3071 | D:4      | Found a sparkling altar of Nemelex Xobeh.
  3076 | D:4      | Became a worshipper of Nemelex Xobeh the Trickster
  3081 | D:4      | Received a gift from Nemelex Xobeh
  3102 | D:4      | Reached skill level 5 in Axes
  3298 | D:4      | Found a staircase to the Ecumenical Temple.
  3389 | D:4      | Received a gift from Nemelex Xobeh
  3518 | D:4      | Reached * piety under Nemelex Xobeh
  3533 | D:4      | Reached skill level 5 in Shields
  3533 | D:4      | Reached XP level 7. HP: 45/63 MP: 6/6
  3573 | D:4      | Found a white marble altar of Elyvilon.
  3598 | D:4      | Reached skill level 6 in Axes
  3598 | D:4      | Reached skill level 5 in Armour
  3753 | D:5      | Entered Level 5 of the Dungeon
  3807 | D:5      | Found a glowing drain.
  3971 | D:5      | Reached skill level 7 in Axes
  4195 | D:5      | Found a shadowy altar of Dithmenos.
  4223 | D:5      | Reached XP level 8. HP: 69/72 MP: 6/6
  4274 | D:5      | Received a gift from Nemelex Xobeh
  4360 | D:5      | Reached ** piety under Nemelex Xobeh
  4866 | D:6      | Received a gift from Nemelex Xobeh
  4880 | D:6      | Noticed swampboy's ghost (novice DsFi)
  4895 | D:6      | Killed swampboy's ghost
  4895 | D:6      | Reached skill level 8 in Axes
  5026 | D:6      | Noticed Eustachio
  5032 | D:6      | Killed Eustachio
  5208 | D:6      | Reached skill level 5 in Fighting
  5256 | D:6      | Gained mutation: You passively map the area around you. [Deep Dwarf growth]
  5256 | D:6      | Reached XP level 9. HP: 73/81 MP: 6/6
  5339 | D:6      | Found a runed door.
  5343 | D:6      | Noticed Crazy Yiuf
  5351 | D:6      | Killed Crazy Yiuf
  5821 | D:7      | Reached skill level 9 in Axes
  6029 | D:7      | Received a gift from Nemelex Xobeh
  6378 | D:7      | Reached *** piety under Nemelex Xobeh
  6655 | D:7      | Reached skill level 10 in Axes
  6944 | D:8      | Noticed mythresam's ghost (novice GrFi)
  6958 | D:8      | Killed mythresam's ghost
  6958 | D:8      | Reached XP level 10. HP: 87/91 MP: 5/5
  7106 | D:8      | Got a polished rapier
  7193 | D:8      | Noticed a two-headed ogre
  7202 | D:8      | Killed a two-headed ogre
  7294 | D:8      | Got a faintly glowing chain mail
  7315 | D:8      | Identified the +1 chain mail "Xowagu" {rCorr Int+2 Slay+3} (You found it on level 8 of the Dungeon)
  7352 | D:8      | Received a gift from Nemelex Xobeh
  7566 | D:8      | Reached skill level 11 in Axes
  7839 | D:9      | Noticed Joseph
  7852 | D:9      | Killed Joseph
  8325 | D:10     | Entered Level 10 of the Dungeon
  8446 | D:10     | Noticed a deep elf mage
  8450 | D:10     | Killed a deep elf mage
  8498 | D:10     | Reached **** piety under Nemelex Xobeh
  8546 | D:10     | Received a gift from Nemelex Xobeh
  8724 | D:10     | Noticed Fannar
  8743 | D:10     | Killed Fannar
  8743 | D:10     | Reached XP level 11. HP: 73/100 MP: 4/4
  9430 | D:11     | You fall through a shaft!
  9557 | D:11     | Killed an unseen horror
  9557 | D:11     | Reached skill level 10 in Shields
  9557 | D:11     | Reached skill level 1 in Invocations
  9596 | D:11     | Reached skill level 12 in Axes
  9648 | D:11     | Noticed a queen ant
  9654 | D:11     | Noticed a two-headed ogre
  9669 | D:11     | Killed a queen ant
  9671 | D:11     | Killed a two-headed ogre
  9835 | D:11     | Noticed a five-headed hydra
  9836 | D:11     | Noticed a two-headed ogre
  9851 | D:11     | Killed a two-headed ogre
  9869 | D:11     | Killed a 15-headed hydra
  9901 | D:11     | Received a gift from Nemelex Xobeh
  9966 | D:11     | Found a staircase to the Lair.
  9974 | D:11     | Reached skill level 10 in Armour
 10052 | Lair:1   | Entered Level 1 of the Lair of Beasts
 10093 | Lair:1   | Identified a scroll of acquirement
 10094 | Lair:1   | Got an ancient silver ring
 10098 | Lair:1   | Identified the ring "Peovot" {rF+ Str+5} (You acquired it on level 1 of the Lair of Beasts)
 10217 | Lair:1   | Reached XP level 12. HP: 109/112 MP: 1/1
 10300 | Lair:1   | Reached ***** piety under Nemelex Xobeh
 10300 | Lair:1   | Received a gift from Nemelex Xobeh
 10663 | Lair:1   | Reached skill level 13 in Axes
 10875 | Lair:2   | Got a transparent falchion
 10928 | Lair:2   | Noticed a four-headed hydra
 10941 | Lair:2   | Killed a six-headed hydra
 10951 | Lair:2   | HP: 3/114 [spiny frog (13)]
 11002 | Lair:2   | HP: 5/114 [spiny frog (15)]
 11241 | Lair:2   | Received a gift from Nemelex Xobeh
 11426 | Lair:2   | Noticed a catoblepas
 11449 | Lair:2   | Killed a catoblepas
 11842 | D:11     | Found a staircase to the Orcish Mines.
 11844 | D:11     | Noticed Urug
 11856 | D:11     | Killed Urug
 11872 | Orc:1    | Entered Level 1 of the Orcish Mines
 11881 | Orc:1    | Found a roughly hewn altar of Beogh.
 11922 | Orc:1    | Noticed a stone giant
 11948 | D:11     | Slain by a stone giant

Vault maps used:
D:1:      lightli_arrival_statue_moat, wad_woods_river_04
D:2:      uniq_robin, uniq_sigmund
D:3:      first_bread
D:4:      elyvilon_altar_1, kennysheep_little_box, minmay_temple_entry_fiery
D:5:      cheibrodos_sewer_entry_drain, grunt_dithmenos_smoke_and_mirrors
D:6:      minmay_misc_feat_hallway, uniq_crazy_yiuf_cottage, uniq_eustachio
D:7:      grunt_livestock
D:9:      minmay_lizard_king, uniq_joseph
D:10:     uniq_fannar
D:11:     david_lair_generic, orc_0_dummy, minmay_another_anthill, uniq_urug
D:12:     lab_entry_generic, grunt_ministairs_11, fedhas_altar_decomposition
Lair:1:   special_room, infiniplex_staircase_pool
Lair:2:   beast_lair_carwin_11, grunt_megastairs_2
Orc:1:    basic_altar

Skill      XL: |  1  2  3  4  5  6  7  8  9 10 11 12 |
---------------+-------------------------------------+-----
Axes           | 4 5 7 8 10 11 12 13 | 13.9
Fighting       | 3 4 5 6 7 8 9 |  9.9
Shields        | 4 5 6 8 9 11 12 | 12.0
Armour         | 4 5 6 7 8 10 11 | 11.2
Invocations    | 1 |  1.0
Throwing       | |  0.3
Dodging        | |  0.2

Action                   |  1- 3 |  4- 6 |  7- 9 | 10-12 || total
-------------------------+-------+-------+-------+-------++-------
Melee: War axe           |   325 |   144 |   249 |   552 ||  1270
Throw: Tomahawk          |       |       |       |     6 ||     6
 Abil: Heal Wounds       |     5 |     2 |    11 |    32 ||    50
Evoke: Deck              |       |       |     3 |     8 ||    11
  Use: Scroll            |     5 |     5 |    10 |    15 ||    35
       Potion            |       |       |       |    11 ||    11
 Stab: Petrified         |       |       |       |     5 ||     5
       Distracted        |       |       |       |     1 ||     1
       Petrifying        |       |       |       |     1 ||     1
  Eat: Bread ration      |     1 |     1 |     3 |     6 ||    11
       Chunk             |       |     3 |       |       ||     3
Armor: Scale mail        |    85 |    23 |       |       ||   108
       Chain mail        |       |    35 |   129 |   347 ||   511
Dodge: Dodged            |    57 |    37 |    54 |   206 ||   354
Block: Shield            |    82 |    86 |   155 |   485 ||   808
